 Dungeon Crawl Stone Soup version 0.18-a0-844-g9229740 (webtiles) character file.

432 tof the Insei (level 6, -1/56 HPs)
             Began as a Minotaur Monk on Dec 18, 2015.
             Was a Believer of Okawaru.
             Succumbed to poison (a potion of poison)
             ... on level 4 of the Dungeon.
             The game lasted 00:10:48 (3253 turns).

tof the Insei (Minotaur Monk)                       Turns: 3253, Time: 00:10:48

Health: -1/56      AC:  8    Str: 12 (15) XL:     6   Next: 67%
Magic:  3/5        EV: 13    Int:  7      God:    Okawaru [**....]
Gold:   106        SH:  0    Dex: 15      Spells: 0 memorised, 5 levels left

rFire  . . .     SeeInvis .     g - +0 scythe
rCold  . . .     Gourm    .     o - +0 scale mail (curse)
rNeg   . . .     Faith    .     (shield currently unavailable)
rPois  .         Spirit   .     (helmet restricted)
rElec  .         Dismiss  .     (no cloak)
rCorr  .         Reflect  .     (no gloves)
SustAt .         Harm     .     (no boots)
MR     .....                    (no amulet)
Stlth  ++........               (no ring)
                                (no ring)

@: lethally poisoned (-1 -> -42), heroism, not resistant to hostile
enchantments, unstealthy
A: retaliatory headbutt, horns 2
a: Heroism, Renounce Religion


You were on level 4 of the Dungeon.
You worshipped Okawaru.
Okawaru was pleased with you.
You were hungry.

You visited 1 branch of the dungeon, and saw 4 of its levels.

You collected 106 gold pieces.

Inventory:

Hand Weapons
 c - a +0 dagger
 g - a +0 scythe (weapon)
 n - a +0 flail
Missiles
 e - a tomahawk (quivered)
Armour
 f - a +0 ring mail
 o - a cursed +0 scale mail (worn)
Jewellery
 i - an uncursed amulet of guardian spirit {unknown}
Scrolls
 k - a scroll of random uselessness {unknown}
 q - a scroll of identify
Potions
 m - a potion of degeneration
Books
 h - a book of Hinderance

   Spells                             Type                      Level
   a - Confusing Touch                Hexes                        2
   b - Confuse                        Hexes                        3
   c - Gell's Gravitas                Hexes/Translocation          3
   d - Petrify                        Transmutation/Earth          4
   e - Metabolic Englaciation         Hexes/Ice                    5
   f - Yara's Violent Unravelling     Hexes/Transmutation          5
Comestibles
 a - a meat ration
 b - 6 bread rations
 d - 2 beef jerkies
 l - 4 fruits
 p - 7 chunks of flesh


   Skills:
 + Level 5.0(10.0) Fighting
 * Level 1.2(6.2) Polearms
 + Level 3.1(8.1) Throwing
 + Level 2.5(7.5) Armour
 + Level 4.2(9.2) Dodging
 + Level 2.2(7.2) Stealth
 + Level 5.8(10.8) Unarmed Combat


You had 5 spell levels left.
You didn't know any spells.

Dungeon Overview and Level Annotations

Branches:
Dungeon (4/15)
 Temple: D:4-7

Altars:
Okawaru
Sif Muna
Trog
Xom


Innate Abilities, Weirdness & Mutations

You reflexively headbutt those who attack you in melee.
You have a pair of horns on your head.


Message History

The orc priest calls down the wrath of Beogh upon you.
Something smites you!
* * * LOW HITPOINT WARNING * * *
Drink which item? (? for menu, Esc to quit)
Okay, then.
You gain the combat prowess of a mighty hero.
You are feeling hungry.
* * * LOW HITPOINT WARNING * * *
You feel sick. The orc priest closely misses you.
Drink which item? (? for menu, Esc to quit)
It was a potion of degeneration.
There was something very wrong with that liquid.
You feel weakened.
* * * LOW HITPOINT WARNING * * *
You feel sick.
The orc priest miscasts a cantrip.
Drink which item? (? for menu, Esc to quit)
It was a potion of poison.
That liquid tasted very nasty...
You are more poisoned.
You die...

#..........#.#
#.#.#..###.#.#
#.....####.#.#
#####......#.###.##
###.###........ #.#
#..###.## #.###.##
# ##...## ##.######
##@## ......... #o#
########< #o# #.
#.# #. #(# #. ...
#. .(. .. ... #. ..


You could see 2 orc priests.

Vanquished Creatures
  Sigmund (D:2)
  A hound (D:4)
  Jessica (D:3)
  An iguana (D:4)
  An orc wizard (D:4)
  Terence (D:2)
  3 gnolls (D:2)
  6 adders
  2 worms (D:2)
  2 orcs (D:4)
  2 giant cockroaches
  9 goblins
  7 hobgoblins
  4 jackals (D:1)
  7 kobolds
  A quokka (D:3)
  A ball python (D:3)
  8 bats
  A giant gecko skeleton (D:4)
  5 giant newts
  9 rats
73 creatures vanquished.

Vanquished Creatures (others)
  4 toadstools (D:1)
4 creatures vanquished.

Grand Total: 77 creatures vanquished

Notes
Turn   | Place    | Note
--------------------------------------------------------------
     0 | D:1      | tof the Minotaur Monk began the quest for the Orb.
     0 | D:1      | Reached XP level 1. HP: 19/19 MP: 0/0
   230 | D:1      | Reached XP level 2. HP: 25/27 MP: 1/1
   438 | D:1      | Reached skill level 5 in Unarmed Combat
   670 | D:2      | Reached XP level 3. HP: 33/33 MP: 2/2
   733 | D:2      | Noticed Sigmund
   753 | D:2      | Killed Sigmund
   753 | D:2      | Reached XP level 4. HP: 22/41 MP: 3/3
   753 | D:2      | Reached XP level 5. HP: 25/47 MP: 4/4
  1376 | D:2      | Found an iron altar of Okawaru.
  1445 | D:2      | Became a worshipper of Warmaster Okawaru
  1445 | D:2      | Reached * piety under Okawaru
  1445 | D:2      | Reached ** piety under Okawaru
  1775 | D:2      | Reached skill level 1 in Armour
  1830 | D:2      | Reached XP level 6. HP: 42/55 MP: 5/5
  1927 | D:2      | Noticed Terence
  1932 | D:2      | Killed Terence
  2290 | D:3      | Found a bloodstained altar of Trog.
  2590 | D:3      | Noticed Jessica
  2599 | D:3      | Killed Jessica
  3087 | D:4      | Reached skill level 1 in Polearms
  3120 | D:4      | Found a shimmering altar of Xom.
  3148 | D:4      | Reached skill level 5 in Fighting
  3214 | D:4      | Found a deep blue altar of Sif Muna.
  3253 | D:4      | Succumbed to poison (a potion of poison)

Vault maps used:
D:1:      ldierk_water_garden
D:2:      kennysheep_six_static_rooms, okawaru_altar_gauntlet_db, first_bread,
          uniq_terence, uniq_sigmund
D:3:      old_standard_altar, kennysheep_jessica_study
D:4:      lemuel_crystal_altar, lemuel_doored_altar, lemuel_round_altar

Action                   |  1- 3 |  4- 6 || total
-------------------------+-------+-------++-------
Melee: Dagger            |    35 |       ||    35
       Scythe            |       |    83 ||    83
Throw: Tomahawk          |    25 |    33 ||    58
Invok: Heroism           |       |     1 ||     1
  Use: Scroll            |     1 |     2 ||     3
       Potion            |     1 |     5 ||     6
  Eat: Chunk             |       |     7 ||     7
